Description

123

Replay - anon

Build Order

Get SALT Encoding   

  12  0:00  SCV  
  13  0:12  SCV  
  14  0:17  Supply Depot  
  14  0:24  SCV  
  15  0:38  SCV  
  15  0:40  Barracks  
  16  0:44  Refinery  
  16  0:50  SCV  
  16  0:54  Refinery  
  17  1:02  SCV  
  18  1:15  SCV  
  19  1:27  Reaper, Orbital Command  
  20  1:38  Supply Depot  
  20  1:41  Factory  
  20  1:53  SCV  
  21  2:00  Bunker  
  21  2:05  SCV  
  22  2:18  SCV  
  23  2:23  Supply Depot  
  23  2:24  Barracks Reactor  
  22  2:30  Widow Mine, Starport  
  26  2:53  Widow Mine  
  26  2:54  Command Center  
  29  3:00  Marine x2  
  31  3:07  Medivac  
  34  3:16  Widow Mine  
  36  3:21  Marine x2  
  36  3:26  Supply Depot  
  39  3:39  Starport Tech Lab, Factory Tech Lab  
  39  3:48  Marine x2  
  41  3:55  Refinery  
  41  3:57  Raven  
  44  4:05  Marine x2  
  49  4:10  Siege Tank  
  50  4:24  Marine x2  
  49  4:31  Orbital Command  
  50  4:42  Siege Tank  
  55  4:47  Supply Depot  
  59  4:56  Liberator  
  60  5:03  Barracks  
  64  5:19  Siege Tank  
  67  5:25  Engineering Bay  
  70  5:38  Barracks  
  71  5:47  Starport Reactor  
  72  5:51  Siege Tank  
  72  5:54  Terran Infantry Weapons Level 1  
  75  6:07  Stimpack  
  78  6:28  Marauder  
  78  6:29  Barracks Tech Lab  
  78  6:30  Siege Tank  
  85  6:35  Refinery  
  87  6:45  Medivac x2  
  91  6:49  Marauder  
  96  6:58  Combat Shield  
  95  7:15  Marauder x2  
  101  7:18  Siege Tank  
  101  7:21  Viking  
  107  7:25  Bunker  
  107  7:29  Viking  
  109  7:40  Marauder x2  
  115  7:50  Terran Infantry Armor Level 1  
  115  7:54  Siege Tank  
  96  8:07  Marauder x2  
  101  8:18  Command Center  
  101  8:19  Medivac x2  
  105  8:33  Barracks x2  
  105  8:37  Marauder x2  
  104  8:43  Factory Reactor  
  103  8:53  Medivac x2  
  109  9:00  Concussive Shells  
  115  9:04  Armory  
  115  9:05  Engineering Bay  
  120  9:27  Barracks Reactor  
  122  9:39  Widow Mine x2  
  122  9:40  Ghost Academy  
  129  9:48  Viking  
  129  9:56  Terran Infantry Weapons Level 2  
Spawning Tool Build Advisor. Get it on Overwolf

Go to:

Details

  • Created by: lucahecker
  • Published on: Nov 29, 2021
  • Modified on: Nov 29, 2021
  • Patch: 4.11.0
  • Difficulty: Hard
Show
View Real Time Build Order
Export as new Build Order

Comments (0)

There are no comments. Be the first!

Create an account to comment!